Workbook
Name DATA1: #REF!
Name DATA1: #REF!
Name DATA10: #REF!
Name DATA10: #REF!
Name DATA100: #REF!
Name DATA100: #REF!
Name DATA101: #REF!
Name DATA101: #REF!
Name DATA102: #REF!
Name DATA102: #REF!
Name DATA103: #REF!
Name DATA103: #REF!
Name DATA104: #REF!
Name DATA104: #REF!
Name DATA105: #REF!
Name DATA105: #REF!
Name DATA106: #REF!
Name DATA106: #REF!
Name DATA107: #REF!
Name DATA107: #REF!
Name DATA11: #REF!
Name DATA11: #REF!
Name DATA12: #REF!
Name DATA12: #REF!
Name DATA13: #REF!
Name DATA13: #REF!
Name DATA14: #REF!
Name DATA14: #REF!
Name DATA15: #REF!
Name DATA15: #REF!
Name DATA16: #REF!
Name DATA16: #REF!
Name DATA17: #REF!
Name DATA17: #REF!
Name DATA18: #REF!
Name DATA18: #REF!
Name DATA19: #REF!
Name DATA19: #REF!
Name DATA2: #REF!
Name DATA2: #REF!
Name DATA20: #REF!
Name DATA20: #REF!
Name DATA21: #REF!
Name DATA21: #REF!
Name DATA22: #REF!
Name DATA22: #REF!
Name DATA23: #REF!
Name DATA23: #REF!
Name DATA24: #REF!
Name DATA24: #REF!
Name DATA25: #REF!
Name DATA25: #REF!
Name DATA26: #REF!
Name DATA26: #REF!
Name DATA27: #REF!
Name DATA27: #REF!
Name DATA28: #REF!
Name DATA28: #REF!
Name DATA29: #REF!
Name DATA29: #REF!

Sheet Instruction
B1: Instruction
B2: วัตถุประสงค์ (Objectives)
B3: 1. เพื่อกำหนดแนวทางในการขอสร้าง หรือแก้ไขข้อมูลบัญชีธนาคารให้เป็นมาตรฐานเดียวกัน
B4: 2. เพื่อให้ข้อมูลบัญชีธนาคารบนระบบ Microsoft Dynamics 365 BC มีความถูกต้องและครบถ้วน
B5: 3. เพื่อป้องกันการสร้างข้อมูลซ้ำซ้อน และลดข้อผิดพลาดในการบันทึกข้อมูล
B6: 4. เพื่อกำหนดหน้าที่และความรับผิดชอบของผู้ขอ ผู้อนุมัติ และผู้ดำเนินการได้อย่างชัดเจน
B7: 5. เพื่อให้การขอสร้างหรือแก้ไขข้อมูลบัญชีธนาคารได้รับการอนุมัติอย่างเหมาะสม และสามารถตรวจสอบย้อนหลังได้
B10: คำแนะนำในการกรอกและส่งแบบฟอร์ม (Instructions)
B11: สำหรับผู้ใช้งาน กรอกข้อมูลในแบบฟอร์ม Sheet " GL Account Form"
B12: 1. ระบุประเภทคำขอสร้างหรือแก้ไขข้อมูลบัญชีแยกประเภท (Create / Change / Block / Unblock)
B13: 2. แจ้งรายละเอียดการเดินบัญชี และวัตถุประสงค์ในการขอ GL ดังกล่าว
B14: 3. กรณีขอแก้ไขข้อมูล กรุณาระบุรหัสบัญชีเดิม พร้อมรายละเอียดที่ต้องการแก้ไข
... B21: ลำดับการขออนุมัติ GL Account Master
B23: ลำดับการขออนุมัติ | C23: APPROVE LEVEL | D23: SERVICE REQUEST
D24: GL Master | E24: New GL Account - COA Level
B25: 4 | C25: Head of BCAF Level | E25: X
B26: 3 | C26: Process Lead Level | E26: X
B27: 2 | C27: Manager Level | D27: X | E27: X
B28: 1 | C28: User Request | D28: X | E28: X

Sheet GL Account Form
A1: GL Account Maintenance Request Form (for MS365BC) | AG1: No.
A2: For Requester
B4: Requester Name * | AB4: Request Date*
B6: Department* | AC6: Position*
B8: Email*
A10: Initial Data
B12: Request for *
B14: Reason for request *
B18: GL Account No.
C20: Chart of Account Level | P20: Company Code Level | V20: เลือกทำเครื่องหมาย ✓ อย่างใดอย่างหนึ่ง
B23: GL Account No.* | AD23: หากมี GL ใน COA อยู่แล้ว โปรดระบุ หากไม่มีเว้นว่าง
B25: Company Code *
A27: Chart of account Data Level (หากมีการขอสร้าง GL เพิ่มโปรดระบุ)
B30: G/L Acct Text (Eng, 50 Chars) * | AD30: ระบุชื่อ GL หากมีการขอสร้างใหม่
B32: Income/Balance* | M32: =_xlfn.XLOOKUP(I32,'P&L Statmt Acct Type'!A2:A3,'P&L Statmt Acct Type'!B2:B3) -> #N/A
B34: Expense Category* | Q34: =_xlfn.XLOOKUP(I34,'Expense Category'!A:A,'Expense Category'!B:B) -> 0 | W34: กรณีเลือกประเภทงบเป็น PL สำหรับบัญชีต้นทุนหรือค่าใช้จ่าย โปรดระบุประเภทค่าใช้จ่าย
A36: Posting (หากต้องการให้ Defult Posting Group โปรดระบุ หากไม่ต้องการไม่ต้องระบุ)
B38: Gen. Posting Type | S38: =_xlfn.XLOOKUP(M38,'Gen. Posting Type'!A2:A3,'Gen. Posting Type'!B2:B3) -> #N/A
B40: Gen. Bus. Posting Group | S40: =VLOOKUP(M40,'Gen. Bus. Posting Group'!A:B,2,FALSE) -> #N/A
B42: Gen. Product Posting Group | S42: =VLOOKUP(M42,'Gen. Product Posting Group'!A:B,2,FALSE) -> #N/A
B44: VAT Bus. Posting Group | S44: =VLOOKUP(M44,'VAT Product Posting Group'!A:B,2,FALSE) -> #N/A
B46: VAT Prod. Posting Group | S46: =VLOOKUP(M46,'VAT Product Posting Group'!A:B,2,FALSE) -> #N/A
A49: Additional Data for Dimension
B51: Related Parties | N51: RPT | X51: NRPT | AA51: กรณีขอสร้างใหม่ ให้ระบุ RPT หรือ NRPT อย่างใดอย่างหนึ่ง
B53: Require field for GL | H53: หากต้องการให้เมื่อบันทึก GL แล้วมีแจ้งเตือนให้ใส่ Dimension
G55: =VLOOKUP(B55,'Require field for GL'!A:B,2,FALSE) -> #N/A
B57: Dimension defult | AD57: หากต้องการให้ Defult Dimension เพิ่มเติม โปรดระบุ
B63: Requested by* | P63: Approved by* | AD63: Entered by
B67: ( | M67: ) | P67: ( | AA67: ) | AD67: ( | AO67: )
B69: Date | F69: . | I69: . | P69: Date | T69: . | W69: . | AD69: Date | AH69: . | AK69: .

Sheet Example_GL Account Form
A1: GL Account Maintenance Request Form (for MS365BC) | AG1: No.
A2: For Requester
B4: Requester Name * | H4: Wansinee Suphunarat | AB4: Request Date* | AF4: 1 | AG4: 9 | AI4: 1 | AJ4: 0 | AL4: 2 | AM4: 0 | AN4: 2 | AO4: 6
B6: Department* | H6: Finance | AC6: Position* | AF6: Business Analyst
B8: Email* | H8: wansinee.s@btsgroup.co.th
A10: Initial Data
B12: Request for * | I12: Create
B14: Reason for request * | I14: ใช้บันทึกค่าใช้จ่ายค่าซ่อมแซมและบำรุงรักษา โดยบันทึก Dr.บัญชีค่าซ่อมแซมและบำรุงรักษา และ Cr.บัญชีเจ้าหนี้
I16: เพื่อแยกประเภทค่าใช้จ่ายและต้นทุน
B18: GL Account No.
C20: Chart of Account Level | P20: Company Code Level | V20: เลือกทำเครื่องหมาย ✓ อย่างใดอย่างหนึ่ง
B23: GL Account No.* | I23: 4170059990 - Others Food & Beverage Revenues | AD23: หากมี GL ใน COA อยู่แล้ว โปรดระบุ หากไม่มีเว้นว่าง
B25: Company Code * | I25: S040 : SCS บริษัท สมาร์ท คลีนนิ่ง โซลูชัน จำกัด
A27: Chart of account Data Level (หากมีการขอสร้าง GL เพิ่มโปรดระบุ)
B30: G/L Acct Text (Eng, 50 Chars) * | AD30: ระบุชื่อ GL หากมีการขอสร้างใหม่
B32: Income/Balance* | I32: PL | M32: =_xlfn.XLOOKUP(I32,'P&L Statmt Acct Type'!A2:A3,'P&L Statmt Acct Type'!B2:B3) -> Income statement
B34: Expense Category* | I34: Administrative Expenses | Q34: =_xlfn.XLOOKUP(I34,'Expense Category'!A:A,'Expense Category'!B:B) -> ค่าใช้จ่ายในการบริหาร | W34: กรณีเลือกประเภทงบเป็น PL สำหรับบัญชีต้นทุนหรือค่าใช้จ่าย โปรดระบุประเภทค่าใช้จ่าย
A36: Posting (หากต้องการให้ Defult Posting Group โปรดระบุ หากไม่ต้องการไม่ต้องระบุ)
B38: Gen. Posting Type | M38: Purchase | S38: =_xlfn.XLOOKUP(M38,'Gen. Posting Type'!A2:A3,'Gen. Posting Type'!B2:B3) -> ซื้อ
B40: Gen. Bus. Posting Group | M40: DOMESTIC | S40: =VLOOKUP(M40,'Gen. Bus. Posting Group'!A:B,2,FALSE) -> สำหรับรายการซื้อ – ขายในประเทศ
B42: Gen. Product Posting Group | M42: GL | S42: =VLOOKUP(M42,'Gen. Product Posting Group'!A:B,2,FALSE) -> รายได้ (Revenue) /ค่าใช้จ่ายทั่วไป (Expense)
B44: VAT Bus. Posting Group | M44: DS-M | S44: =VLOOKUP(M44,'VAT Product Posting Group'!A:B,2,FALSE) -> Suspense Sales VAT 7% (Manual)
B46: VAT Prod. Posting Group | M46: DS-M | S46: =VLOOKUP(M46,'VAT Product Posting Group'!A:B,2,FALSE) -> Suspense Sales VAT 7% (Manual)
A49: Additional Data for Dimension
B51: Related Parties | N51: RPT | X51: NRPT | AA51: กรณีขอสร้างใหม่ ให้ระบุ RPT หรือ NRPT อย่างใดอย่างหนึ่ง
B53: Require field for GL | H53: หากต้องการให้เมื่อบันทึก GL แล้วมีแจ้งเตือนให้ใส่ Dimension
B55: Project | G55: =VLOOKUP(B55,'Require field for GL'!A:B,2,FALSE) -> โปรเจ็คก์ สายรถไฟฟ้าจุดของสถานี
B57: Dimension defult | AD57: หากต้องการให้ Defult Dimension เพิ่มเติม โปรดระบุ
B63: Requested by* | P63: Approved by* | AD63: Entered by
B65: Wansinee Suphunarat | P65: Poompetch Jaroenthai
B67: ( | M67: ) | P67: ( | AA67: ) | AD67: ( | AO67: )
B69: Date | D69: 1 | E69: 9 | F69: . | G69: 1 | H69: 0 | I69: . | J69: 2 | K69: 0 | L69: 2 | M69: 6 | P69: Date | R69: 1 | S69: 9 | T69: . | U69: 1 | V69: 0 | W69: . | X69: 2 | Y69: 0 | Z69: 2 | AA69: 6 | AD69: Date | AH69: . | AK69: .

Sheet Request
A1: Request
A3: Create
A4: Change
A5: Block
A6: Unblock

Sheet COA Mapping
A1: SAP Account Code | B1: Conversion Account Code | C1: Short Name 20 Digits | D1: Long Name 50 Digits
A2: 1710001010 | C2: CD-Local (>3M<1Y) | D2: Certificate of Deposits - Local (>3M<1Y) | F2: =A2&" - "&D2 -> 1710001010 - Certificate of Deposits - Local (>3M<1Y)
A3: 1710001013 | C3: ECL-12M-CD-L >3M<1Y) | D3: ECL-12M-Certificate of Deposits - Local (>3M<1Y) | F3: =A3&" - "&D3 -> 1710001013 - ECL-12M-Certificate of Deposits - Local (>3M<1Y)
A4: 1710001014 | C4: ECL-Life-CD-L >3M<1Y | D4: ECL-Life-Certificate of Deposits - Local (>3M<1Y) | F4: =A4&" - "&D4 -> 1710001014 - ECL-Life-Certificate of Deposits - Local (>3M<1Y)
A5: 1710001020 | C5: CD-Foreign (>3M<1Y) | D5: Certificate of Deposits - Foreign (>3M<1Y) | F5: =A5&" - "&D5 -> 1710001020 - Certificate of Deposits - Foreign (>3M<1Y)
A6: 1710001023 | C6: ECL-12M-CD-F(>3M<1Y) | D6: ECL-12M-Certificate of Deposits - Foreign (>3M<1Y) | F6: =A6&" - "&D6 -> 1710001023 - ECL-12M-Certificate of Deposits - Foreign (>3M<1Y)
A7: 1710001024 | C7: ECL-Life-CD-F >3M<1Y | D7: ECL-Life-Certificate of Deposits - Foreign(>3M<1Y) | F7: =A7&" - "&D7 -> 1710001024 - ECL-Life-Certificate of Deposits - Foreign(>3M<1Y)
A8: 1710001027 | C8: Rev.FX-CD-F (>3M<1Y) | D8: Revalue-FX-Certificate of Deposits-Foreign(>3M<1Y) | F8: =A8&" - "&D8 -> 1710001027 - Revalue-FX-Certificate of Deposits-Foreign(>3M<1Y)
A9: 1710001030 | C9: B/E - Local | D9: Bill of Exchange - Local | F9: =A9&" - "&D9 -> 1710001030 - Bill of Exchange - Local
A10: 1710001033 | C10: ECL-12M-B/E-Local | D10: ECL - 12 Months - Bill of Exchange - Local | F10: =A10&" - "&D10 -> 1710001033 - ECL - 12 Months - Bill of Exchange - Local
A11: 1710001034 | C11: ECL-Life-B/E-Local | D11: ECL - Life Time - Bill of Exchange - Local | F11: =A11&" - "&D11 -> 1710001034 - ECL - Life Time - Bill of Exchange - Local
A12: 1710001040 | C12: B/E - Foreign | D12: Bill of Exchange - Foreign | F12: =A12&" - "&D12 -> 1710001040 - Bill of Exchange - Foreign
A13: 1710001043 | C13: ECL-12M-B/E-Foreign | D13: ECL - 12 Months - Bill of Exchange - Foreign | F13: =A13&" - "&D13 -> 1710001043 - ECL - 12 Months - Bill of Exchange - Foreign
... A82: 1730003020 | C82: Forward exchange | D82: Forward exchange agreements | F82: =A82&" - "&D82 -> 1730003020 - Forward exchange agreements
A83: 1750001010 | B83: 9917000001 | C83: A/R Trade | D83: Trade Receivables | F83: =A83&" - "&D83 -> 1750001010 - Trade Receivables
A84: 1750001017 | C84: Rev.FX-A/R Trade | D84: Revalue - FX - Trade Receivable | F84: =A84&" - "&D84 -> 1750001017 - Revalue - FX - Trade Receivable
A85: 1750001018 | C85: Rec.A/R Trade | D85: Reclassify A/R Trade | F85: =A85&" - "&D85 -> 1750001018 - Reclassify A/R Trade
A86: 1750001020 | C86: Allow-A/R Trade | D86: Allowance for Expected Credit - Trade Receivables | F86: =A86&" - "&D86 -> 1750001020 - Allowance for Expected Credit - Trade Receivables
A87: 1750001110 | C87: A/R Credit Card | D87: Receivables from Credit Card | F87: =A87&" - "&D87 -> 1750001110 - Receivables from Credit Card
A88: 1750001120 | C88: A/R Hotel Guest | D88: Receivables from Hotel Guest | F88: =A88&" - "&D88 -> 1750001120 - Receivables from Hotel Guest
A89: 1750001130 | C89: A/R City Ledger | D89: Receivables from City Ledger | F89: =A89&" - "&D89 -> 1750001130 - Receivables from City Ledger
A90: 1750001140 | C90: A/R Guest Ledger | D90: A/R Guest Ledger | F90: =A90&" - "&D90 -> 1750001140 - A/R Guest Ledger
A91: 1750001150 | C91: A/R Employee Ledger | D91: A/R Employee Ledger | F91: =A91&" - "&D91 -> 1750001150 - A/R Employee Ledger
A92: 1750001160 | C92: A/R Payment Gateways | D92: A/R Payment Gateways | F92: =A92&" - "&D92 -> 1750001160 - A/R Payment Gateways
A93: 1750001900 | C93: A/R Trade-ADJ | D93: A/R Trade-Adjustment | F93: =A93&" - "&D93 -> 1750001900 - A/R Trade-Adjustment
A94: 1750001990 | C94: A/R Trade-GL | D94: Trade Receivables-GL | F94: =A94&" - "&D94 -> 1750001990 - Trade Receivables-GL
A95: 1750002010 | B95: 9917000002 | C95: A/R Trade-RPT | D95: Trade Receivables - Related Parties | F95: =A95&" - "&D95 -> 1750002010 - Trade Receivables - Related Parties
A96: 1750002017 | C96: Rev.FX-A/R Trade-RPT | D96: Revalue - FX - Trade Receivables - Related Parties | F96: =A96&" - "&D96 -> 1750002017 - Revalue - FX - Trade Receivables - Related Parties
A97: 1750002020 | C97: Allow-A/R Trade-RPT | D97: Allow. for Expected Credit-Trade Receivables-RPT | F97: =A97&" - "&D97 -> 1750002020 - Allow. for Expected Credit-Trade Receivables-RPT
A98: 1750002900 | C98: A/R Trade-ADJ-RPT | D98: A/R Trade-Adjustment- Related Parties | F98: =A98&" - "&D98 -> 1750002900 - A/R Trade-Adjustment- Related Parties
A99: 1750002990 | C99: A/R Trade-RPT-GL | D99: Trade Receivables - Related Parties-GL | F99: =A99&" - "&D99 -> 1750002990 - Trade Receivables - Related Parties-GL
A100: 1750003010 | B100: 9917000003 | C100: A/R Other | D100: Other Receivables | F100: =A100&" - "&D100 -> 1750003010 - Other Receivables
A101: 1750003017 | C101: Rev.FX-A/R Other | D101: Revalue - FX - Other Receivable | F101: =A101&" - "&D101 -> 1750003017 - Revalue - FX - Other Receivable
A102: 1750003020 | C102: Allow-A/R Other | D102: Allowance for Expected Credit - Other Receivable | F102: =A102&" - "&D102 -> 1750003020 - Allowance for Expected Credit - Other Receivable
A103: 1750003900 | C103: A/R Other-ADJ | D103: A/R Other-Adjustment | F103: =A103&" - "&D103 -> 1750003900 - A/R Other-Adjustment
A104: 1750003970 | C104: A/R RD-GL | D104: Other Receivables-Revenue Department-GL | F104: =A104&" - "&D104 -> 1750003970 - Other Receivables-Revenue Department-GL
A105: 1750003980 | B105: 9917000024 | C105: A/R RD | D105: Other Receivables-Revenue Department | F105: =A105&" - "&D105 -> 1750003980 - Other Receivables-Revenue Department
A106: 1750003990 | C106: A/R Other-GL | D106: Other Receivables-GL | F106: =A106&" - "&D106 -> 1750003990 - Other Receivables-GL
A107: 1750004010 | B107: 9917000004 | C107: A/R Other-RPT | D107: Other Receivable - Related Parties | F107: =A107&" - "&D107 -> 1750004010 - Other Receivable - Related Parties
A108: 1750004017 | C108: Rev.FX-A/R Other-RPT | D108: Revalue - FX - Other Receivable - Related Parties | F108: =A108&" - "&D108 -> 1750004017 - Revalue - FX - Other Receivable - Related Parties
A109: 1750004020 | C109: Allow-A/R Other-RPT | D109: Allow. for expected credit - Other Receivable-RPT | F109: =A109&" - "&D109 -> 1750004020 - Allow. for expected credit - Other Receivable-RPT
A110: 1750004900 | C110: A/R Other-ADJ-RPT | D110: A/R Other-Adjustment- Related Parties | F110: =A110&" - "&D110 -> 1750004900 - A/R Other-Adjustment- Related Parties
A111: 1750004990 | C111: A/R Other-RPT-GL | D111: Other Receivable - Related Parties-GL | F111: =A111&" - "&D111 -> 1750004990 - Other Receivable - Related Parties-GL
A112: 1750005010 | B112: 9917000005 | C112: A/R Trade (S) | D112: Trade Receivables - (Settlement) | F112: =A112&" - "&D112 -> 1750005010 - Trade Receivables - (Settlement)
A113: 1750006010 | B113: 9917000006 | C113: A/R Trade (S)-RPT | D113: Trade Receivables - Related Parties (Settlement) | F113: =A113&" - "&D113 -> 1750006010 - Trade Receivables - Related Parties (Settlement)
A114: 1750007010 | B114: 9917000007 | C114: A/R Sale of Invest | D114: Receivables from Sales of Investments | F114: =A114&" - "&D114 -> 1750007010 - Receivables from Sales of Investments
A115: 1750007017 | C115: Rev.FX-AR SaleInv | D115: Revalue - FX - Receivable Sales of Investment | F115: =A115&" - "&D115 -> 1750007017 - Revalue - FX - Receivable Sales of Investment
A116: 1750007990 | C116: A/R Sale of Inv-GL | D116: Receivables from Sales of Investments-GL | F116: =A116&" - "&D116 -> 1750007990 - Receivables from Sales of Investments-GL
A117: 1750008010 | B117: 9917000026 | C117: A/R Sale Invest-RPT | D117: Receivables from Sales of Investments-RPT | F117: =A117&" - "&D117 -> 1750008010 - Receivables from Sales of Investments-RPT
A118: 1750008017 | C118: Rev.FX-AR SaleInv-RP | D118: Revalue - FX - Receivable Sales of Investment-RPT | F118: =A118&" - "&D118 -> 1750008017 - Revalue - FX - Receivable Sales of Investment-RPT
A119: 1750008990 | C119: A/R Sale Inv-RPT-GL | D119: Receivables from Sales of Investments-RPT-GL | F119: =A119&" - "&D119 -> 1750008990 - Receivables from Sales of Investments-RPT-GL
A120: 1750009010 | C120: A/R Ex. Warrants | D120: Receivables from Exercised Warrants | F120: =A120&" - "&D120 -> 1750009010 - Receivables from Exercised Warrants
A121: 1750011010 | B121: 9917000027 | C121: Def.Contractual A/R | D121: Deferred Contractual Receivable | F121: =A121&" - "&D121 -> 1750011010 - Deferred Contractual Receivable
A122: 1750013010 | B122: 9917000008 | C122: Interest A/R | D122: Interest Receivables | F122: =A122&" - "&D122 -> 1750013010 - Interest Receivables
A123: 1750013017 | C123: Rev.FX-Interest A/R | D123: Revalue - FX - Interest Receivables | F123: =A123&" - "&D123 -> 1750013017 - Revalue - FX - Interest Receivables
A124: 1750013020 | C124: Allow-Interest A/R | D124: Allowance for Expected Credit-Interest Receivable | F124: =A124&" - "&D124 -> 1750013020 - Allowance for Expected Credit-Interest Receivable
A125: 1750013990 | C125: Interest A/R-GL | D125: Interest Receivables-GL | F125: =A125&" - "&D125 -> 1750013990 - Interest Receivables-GL
A126: 1750014010 | B126: 9917000009 | C126: Interest A/R-RPT | D126: Interest Receivables - Related Parties | F126: =A126&" - "&D126 -> 1750014010 - Interest Receivables - Related Parties
A127: 1750014017 | C127: Rev.FX-Interest A/R-RPT | D127: Revalue - FX - Interest Receivables - RPT | F127: =A127&" - "&D127 -> 1750014017 - Revalue - FX - Interest Receivables - RPT
A128: 1750014020 | C128: Allow-Inter. A/R-RPT | D128: Allow.for Expected Credit-Interest Receivables-RPT | F128: =A128&" - "&D128 -> 1750014020 - Allow.for Expected Credit-Interest Receivables-RPT
A129: 1750014990 | C129: Interest A/R-RPT-GL | D129: Interest Receivables-Related Parties-GL | F129: =A129&" - "&D129 -> 1750014990 - Interest Receivables-Related Parties-GL
A130: 1750015010 | B130: 9917000010 | C130: Dividend A/R | D130: Dividend Receivables | F130: =A130&" - "&D130 -> 1750015010 - Dividend Receivables
A131: 1750015990 | C131: Dividend A/R-GL | D131: Dividend Receivables-GL | F131: =A131&" - "&D131 -> 1750015990 - Dividend Receivables-GL
A132: 1750016010 | B132: 9917000011 | C132: Dividend A/R-RPT | D132: Dividend Receivables - Related Parties | F132: =A132&" - "&D132 -> 1750016010 - Dividend Receivables - Related Parties
A133: 1750016990 | C133: Dividend A/R-RPT-GL | D133: Dividend Receivables-Related Parties-GL | F133: =A133&" - "&D133 -> 1750016990 - Dividend Receivables-Related Parties-GL
A134: 1750017010 | C134: Premium Uncollected | D134: Premiums Due and Uncollected | F134: =A134&" - "&D134 -> 1750017010 - Premiums Due and Uncollected
A135: 1750018010 | C135: Due From Reinsurers | D135: Due From Reinsurers | F135: =A135&" - "&D135 -> 1750018010 - Due From Reinsurers
A136: 1750019010 | C136: Interest A/R-Loan | D136: Interest Receivables - Loan | F136: =A136&" - "&D136 -> 1750019010 - Interest Receivables - Loan
A137: 1750019017 | C137: Rev.FX-Int.A/R-Loan | D137: Revalue - FX - Loan Interest A/R | F137: =A137&" - "&D137 -> 1750019017 - Revalue - FX - Loan Interest A/R
A138: 1750019020 | C138: Allow-Int.A/R-Loan | D138: Allowance for Expected Credit-Loan Interest A/R | F138: =A138&" - "&D138 -> 1750019020 - Allowance for Expected Credit-Loan Interest A/R
A139: 1750019990 | C139: Interest A/R-Loan-GL | D139: Interest Receivables - Loan-GL | F139: =A139&" - "&D139 -> 1750019990 - Interest Receivables - Loan-GL
A140: 1750020010 | C140: Int. A/R-Loan-RPT | D140: Interest Receivables - Loan-RPT | F140: =A140&" - "&D140 -> 1750020010 - Interest Receivables - Loan-RPT
A141: 1750020017 | C141: Rv.FX-Int.AR-LoanRPT | D141: Revalue - FX - Loan Interest A/R-RPT | F141: =A141&" - "&D141 -> 1750020017 - Revalue - FX - Loan Interest A/R-RPT
A142: 1750020020 | C142: Allow-Int.AR-LoanRPT | D142: Allowance for Expected Credit-Loan Int. A/R-RPT | F142: =A142&" - "&D142 -> 1750020020 - Allowance for Expected Credit-Loan Int. A/R-RPT
A143: 1750020990 | C143: Int.A/R-Loan-RPT-GL | D143: Interest Receivables - Loan-RPT-GL | F143: =A143&" - "&D143 -> 1750020990 - Interest Receivables - Loan-RPT-GL
A144: 1750099980 | C144: Post Date Cheque-GL | D144: Post Date Cheque-GL | F144: =A144&" - "&D144 -> 1750099980 - Post Date Cheque-GL
... A154: 1750201020 | C154: Allow Imp RE DevCost | D154: Allowance for Impairment in RW Development Cost | F154: =A154&" - "&D154 -> 1750201020 - Allowance for Impairment in RW Development Cost
A155: 1750301010 | B155: 9917000012 | C155: S/T Loan | D155: Short Term Loan Receivables | F155: =A155&" - "&D155 -> 1750301010 - Short Term Loan Receivables
A156: 1750301017 | C156: Rev.FX-S/T Loan | D156: Revalue - FX - Short Term Loan Receivables | F156: =A156&" - "&D156 -> 1750301017 - Revalue - FX - Short Term Loan Receivables
A157: 1750301020 | C157: Allow-S/T Loan | D157: Allowance for Doubtful - S/T Loan Receivables | F157: =A157&" - "&D157 -> 1750301020 - Allowance for Doubtful - S/T Loan Receivables
A158: 1750301990 | C158: S/T Loan - GL | D158: Short Term Loan Receivables - GL | F158: =A158&" - "&D158 -> 1750301990 - Short Term Loan Receivables - GL
A159: 1750302010 | B159: 9917000013 | C159: S/T Loan-RPT | D159: Short Term Loan Receivables - Related Parties | F159: =A159&" - "&D159 -> 1750302010 - Short Term Loan Receivables - Related Parties
A160: 1750302017 | C160: Rev.FX-S/T Loan-PRT | D160: Revalue - FX - S/T Loan Receivables-RPT | F160: =A160&" - "&D160 -> 1750302017 - Revalue - FX - S/T Loan Receivables-RPT
A161: 1750302020 | C161: Allow-S/T Loan-RPT | D161: Allowance for Doubtful - S/T Loan Receivables-RPT | F161: =A161&" - "&D161 -> 1750302020 - Allowance for Doubtful - S/T Loan Receivables-RPT
A162: 1750302990 | C162: S/T Loan-RPT - GL | D162: Short Term Loan Receivables - Related Parties - GL | F162: =A162&" - "&D162 -> 1750302990 - Short Term Loan Receivables - Related Parties - GL
A163: 1750303010 | C163: S/T Loan Finan. Fee | D163: Short Term Loan Financing Fee | F163: =A163&" - "&D163 -> 1750303010 - Short Term Loan Financing Fee
A164: 1750303020 | C164: Loan Return Cheq Fee | D164: Loan Receivables - Returned Cheque Fee | F164: =A164&" - "&D164 -> 1750303020 - Loan Receivables - Returned Cheque Fee
A165: 1750304010 | C165: Investment - Subsi | D165: Investment - Subsidiaries | F165: =A165&" - "&D165 -> 1750304010 - Investment - Subsidiaries
A166: 1750401010 | C166: CP-AR under Concess. | D166: Current Portion of AR under Concession Agreement | F166: =A166&" - "&D166 -> 1750401010 - Current Portion of AR under Concession Agreement
A167: 1750401020 | C167: CP-AR Inter un Con | D167: Current Portion of AR Interest under Concession Ag | F167: =A167&" - "&D167 -> 1750401020 - Current Portion of AR Interest under Concession Ag
A168: 1750401030 | C168: CP-AR Train Procure | D168: Current Portion of AR Train Procure | F168: =A168&" - "&D168 -> 1750401030 - Current Portion of AR Train Procure
A169: 1750401040 | C169: CP-AR Pur&Ins.Op Sys | D169: Current Portion of AR Pur.&Install. Operatate Sys. | F169: =A169&" - "&D169 -> 1750401040 - Current Portion of AR Pur.&Install. Operatate Sys.
A170: 1750401050 | C170: CP-L/T AR Fin Lease | D170: Current Portion of L/T- Receivable - Finance Lease | F170: =A170&" - "&D170 -> 1750401050 - Current Portion of L/T- Receivable - Finance Lease
A171: 1750401990 | C171: CP-AR-Others | D171: Current Portion of Receivables - Others | F171: =A171&" - "&D171 -> 1750401990 - Current Portion of Receivables - Others
... A222: 1750481730 | C222: CP-L/T IRS - FVTPL | D222: Current Portion of L/T Interest Rate Swap - FVTPL | F222: =A222&" - "&D222 -> 1750481730 - Current Portion of L/T Interest Rate Swap - FVTPL
A223: 1750501010 | B223: 9917000014 | C223: Adv.Supplier | D223: Advance to Supplier | F223: =A223&" - "&D223 -> 1750501010 - Advance to Supplier
A224: 1750501019 | C224: Adv.Supplier-Allo | D224: Advance to Supplier-Allocation | F224: =A224&" - "&D224 -> 1750501019 - Advance to Supplier-Allocation
A225: 1750501110 | C225: Adv.Supplier-GL | D225: Advance to Supplier-GL | F225: =A225&" - "&D225 -> 1750501110 - Advance to Supplier-GL
A226: 1750502010 | B226: 9917000015 | C226: Adv.Supplier-RPT | D226: Advance to Supplier - Related Parties | F226: =A226&" - "&D226 -> 1750502010 - Advance to Supplier - Related Parties
A227: 1750502019 | C227: Adv.Supplier-RP-Allo | D227: Advance to Supplier-Related Parties-Allocation | F227: =A227&" - "&D227 -> 1750502019 - Advance to Supplier-Related Parties-Allocation
...

Sheet Company Code
A1: Company Code | C1: Description | D1: Company Code + Description
A3: F010 | B3: FSF | C3: มูลนิธิฟ้าสั่ง | D3: =A3&" "&":"&" "&B3&" "&C3 -> F010 : FSF มูลนิธิฟ้าสั่ง
A4: F020 | B4: FSH | C4: บริษัท ศูนย์ไตเทียมฟ้าสั่ง จำกัด | D4: =A4&" "&":"&" "&B4&" "&C4 -> F020 : FSH บริษัท ศูนย์ไตเทียมฟ้าสั่ง จำกัด
A5: O010 | B5: KIN | C5: บริษัท คินส์ เวนเจอร์ส จำกัด | D5: =A5&" "&":"&" "&B5&" "&C5 -> O010 : KIN บริษัท คินส์ เวนเจอร์ส จำกัด
A6: O020 | B6: Gaik | C6: บริษัท เก๊ก จำกัด | D6: =A6&" "&":"&" "&B6&" "&C6 -> O020 : Gaik บริษัท เก๊ก จำกัด
A7: O030 | B7: KFV | C7: บริษัท คิง ฟอร์จูน เวนเจอร์ จำกัด | D7: =A7&" "&":"&" "&B7&" "&C7 -> O030 : KFV บริษัท คิง ฟอร์จูน เวนเจอร์ จำกัด
A8: O040 | B8: PCSC | C8: บริษัท เพียว ซิตี้ โซลูชั่นส์ จำกัด | D8: =A8&" "&":"&" "&B8&" "&C8 -> O040 : PCSC บริษัท เพียว ซิตี้ โซลูชั่นส์ จำกัด
A9: O050 | B9: CB | C9: บริษัท เดอะ แชมเบอร์เลน จำกัด | D9: =A9&" "&":"&" "&B9&" "&C9 -> O050 : CB บริษัท เดอะ แชมเบอร์เลน จำกัด
A10: O060 | B10: ECS | C10: บริษัท อีโค-ไซเคิล โซลูชั่นส์ จำกัด | D10: =A10&" "&":"&" "&B10&" "&C10 -> O060 : ECS บริษัท อีโค-ไซเคิล โซลูชั่นส์ จำกัด
A11: O070 | B11: EV | C11: บริษัท อีเวนโต้ มอนโด้ จำกัด | D11: =A11&" "&":"&" "&B11&" "&C11 -> O070 : EV บริษัท อีเวนโต้ มอนโด้ จำกัด
A12: O080 | B12: MM | C12: บริษัท โมเมนโต้ จำกัด | D12: =A12&" "&":"&" "&B12&" "&C12 -> O080 : MM บริษัท โมเมนโต้ จำกัด
A13: P010 | B13: UTAL1 | C13: บริษัท ยูทีเอ แลนด์ 1 จำกัด | D13: =A13&" "&":"&" "&B13&" "&C13 -> P010 : UTAL1 บริษัท ยูทีเอ แลนด์ 1 จำกัด
A14: P020 | B14: UTAL2 | C14: บริษัท ยูทีเอ แลนด์ 2 จำกัด | D14: =A14&" "&":"&" "&B14&" "&C14 -> P020 : UTAL2 บริษัท ยูทีเอ แลนด์ 2 จำกัด
... A30: S050 | B30: F5 | C30: บริษัท ฟอร์เมชั่น ไฟฟ์ จำกัด | D30: =A30&" "&":"&" "&B30&" "&C30 -> S050 : F5 บริษัท ฟอร์เมชั่น ไฟฟ์ จำกัด

Sheet P&L Statmt Acct Type
A1: P&L Statmt Acct Type | B1: Long Text
A2: PL | B2: Income statement
A3: BS | B3: Balance Sheet

Sheet Expense Category
A1: Expense Category
A3: Cost of Sales and Services | B3: ต้นทุนขายและบริการ
A4: Selling Expenses | B4: ค่าใช้จ่ายในการขาย
A5: Administrative Expenses | B5: ค่าใช้จ่ายในการบริหาร

Sheet Require field for GL
A1: Account Group | B1: Long Text
A2: Cost Center | B2: แผนก | C2: แผนก
A3: Project | B3: โปรเจ็คก์ สายรถไฟฟ้าจุดของสถานี | C3: โปรเจ็คก์ สายรถไฟฟ้าจุดของสถานี
A4: Type of RPT | B4: ประเภทพาร์ทเนอร์ว่าเป็นบริษัทในเครือหรือไม่ | C4: ประเภทพาร์ทเนอร์ว่าเป็นบริษัทในเครือหรือไม่
A5: Employee | B5: รหัสพนักงาน | C5: รหัสพนักงาน
A6: Customer | B6: รหัสลูกค้า | C6: รหัสลูกค้า
A7: Vendor | B7: รหัสเจ้าหนี้ | C7: รหัสเจ้าหนี้
A8: Billing | B8: เลขตามสัญญา Billing (BGSR only) | C8: เลขตามสัญญา Billing (BGSR only)
A9: Com Branch | B9: สาขาของบริษัท | C9: สาขาของบริษัท

Sheet Gen. Posting Type
A1: Gen. Posting Type
A2: Purchase | B2: ซื้อ
A3: Sale | B3: ขาย

Sheet Gen. Bus. Posting Group
A1: Gen. Bus. Posting Group | B1: Long Text
A2: DOMESTIC | B2: สำหรับรายการซื้อ – ขายในประเทศ
A3: DOMESTIC-RPT | B3: สำหรับรายการซื้อ – ขายระหว่างกันในประเทศ
A4: OVERSEA | B4: สำหรับรายการซื้อ – ขายต่างประเทศ

Sheet Gen. Product Posting Group
A1: Code | B1: Description
A2: GL | B2: รายได้ (Revenue) /ค่าใช้จ่ายทั่วไป (Expense)
A3: FA | B3: กลุ่มสินทรัพย์
A4: FOOD-S | B4: Item Stock - Food Store
A5: CSP | B5: Item Stock - Cleaning Supply
A6: CSP-EQU | B6: Item Stock - Cleaning Equipment Supply
A7: BEV-ALC | B7: Item Stock - Beverage- Alcohol
A8: BEV-NALC | B8: Item Stock - Beverage - Non Alcohol
A9: WINE | B9: Item Stock - Wine
A10: UNIFORM | B10: Item Stock - Uniform
A11: BIKE | B11: Item Stock - Motorcycle
A12: Other | B12: Item Non - Stock - Other
A13: FOOD-C | B13: Item Non - Stock - Food Cost

Sheet VAT Product Posting Group
A1: Code | B1: Description | C1: Remark
A2: NOVAT | B2: NONVAT | C2: ประเภทรายการที่ไม่มีภาษีมูลค่าเพิ่ม
A3: VX | B3: Input Tax 0% (non tax relevant) | C3: ประเภทรายการที่มีภาษีมูลค่าเพิ่ม อัตรา 0
A4: V7 | B4: Input Tax 7% | C4: ประเภทรายการที่มีภาษีมูลค่าเพิ่ม อัตรา 7
A5: D7 | B5: Suspense Input Tax 7% (Auto Reverse VAT Suspend) | C5: ประเภทรายการที่มีภาษีมูลค่าเพิ่ม อัตรา 7 แต่เป็นภาษีที่ยังไม่ถึงกำหนด ระบบจะทำการกลับเข้าบัญชีภาษีให้เมื่อมีการดึงรายการไปทำรับเงิน หรือจ่ายเงิน
A6: D7-M | B6: Suspense Input Tax 7% (Manual Reverse VAT Suspend) | C6: ประเภทรายการที่มีภาษีมูลค่าเพิ่มอัตรา 7 เฉพาะภาษีซื้อที่ยังไม่ถึงกำหนดเมื่อต้องการใช้ภาษีจะทำการแมนนวลกลับรายการเข้าบัญชีภาษีซื้อเอง
A7: U7 | B7: Unclaimed Input Tax 7% | C7: ประเภทรายการภาษีซื้อต้องห้าม สามารถลงเป็นค่าใช้จ่ายได้เต็มจำนวน โดยเมื่อบันทึกจะลงเป็นค่าใช้จ่ายได้เลย
A9: O7 | B9: Sales VAT 7% | C9: ภาษีขาย อัตรา 7
A10: DS | B10: Suspense Sales VAT 7% | C10: ภาษีขายที่ยังไม่ถึงกำหนด อัตรา 7
A11: O7-M | B11: Sales VAT 7% (Manual) | C11: ภาษีขาย อัตรา 7 เมื่อต้องการทำการแมนนวลเข้าบัญชีภาษีขายเอง
A12: DS-M | B12: Suspense Sales VAT 7% (Manual) | C12: ภาษีขายที่ยังไม่ถึงกำหนด อัตรา 7 เมื่อต้องการทำการแมนนวลกลับรายการเข้าบัญชีภาษีขายเอง
A13: O0 | B13: Sales VAT 0% (Export) | C13: ภาษีขายต่างประเทศ อัตรา 0
... A18: - | B18: POSVAT | C18: ภาษีขายสำหรับทางหน้าร้าน (เฉพาะกลุ่มร้านอาหาร) ที่ลงบัญชีภาษีขายหน้าร้าน เมื่อมีการออกใบกำกับภาษีจะมีการแมนนวลมากลับเข้าบัญชีภาษีขายของสำนักงานใหญ่ภายหลัง
